 Dungeon Crawl Stone Soup version 0.30-a0-358-g0d69a1922f (webtiles) character file.

Game seed: 15128156311301013769

835 Elric the Cudgeller (level 7, 0/43 HPs)
             Began as a Gargoyle Fighter on Nov 9, 2022.
             Slain by an ice beast (6 damage)
             ... on level 5 of the Dungeon.
             The game lasted 00:05:52 (3468 turns).

Elric the Cudgeller (Gargoyle Fighter)              Turns: 3468, Time: 00:05:53

Health: 0/43       AC: 14    Str: 22    XL:     7   Next: 99%
Magic:  7/7        EV:  9    Int:  8    God:
Gold:   282        SH:  4    Dex:  9    Spells: 6/6 levels left

rFire   + . .      SeeInvis .    a - +0 flail
rCold   + . .      Faith    .    c - +0 buckler
rNeg    + . .      Spirit   .    q - +3 scale mail "Ipearchoiqo" {rC++}
rPois   ∞          Reflect  .    (no helmet)
rElec   +          Harm     .    (no cloak)
rCorr   .          Rampage  .    (no gloves)
Will    .....                    (no boots)
Stlth   ..........               (no amulet)
HPRegen 0.27/turn                v - ring of fire
MPRegen 0.10/turn                (no ring)

@: no status effects
A: sickness immunity, AC +4, negative energy resistance 1, electricity
resistance, torment resistance 1, petrification resistance
a: no special abilities


You were on level 5 of the Dungeon.
You visited 1 branch of the dungeon, and saw 5 of its levels.
You also visited: Sewer.

You collected 282 gold pieces.

Inventory:

Hand Weapons
 a - a +0 flail (weapon)
Armour
 c - a +0 buckler (worn)
 q - the +3 scale mail "Ipearchoiqo" (worn) {rC++}
   (You found it on level 4 of the Dungeon)

   rC:        It greatly protects you from cold.
 s - a +0 plate armour
Jewellery
 v - a ring of fire (left hand)
Scrolls
 e - 2 scrolls of poison {unknown}
 f - 4 scrolls of identify {unknown}
 g - 2 scrolls of blinking {unknown}
 k - a scroll of vulnerability {unknown}
 l - 2 scrolls of magic mapping {unknown}
 n - 2 scrolls of fear {unknown}
 p - a scroll of noise {unknown}
 t - a scroll of amnesia {unknown}
 u - a scroll of immolation {unknown}
 w - a scroll of teleportation {unknown}
 x - a scroll of summoning {unknown}
 y - a scroll of acquirement {unknown}
Potions
 b - 2 potions of cancellation {unknown}
 d - a potion of might
 h - a potion of magic {unknown}
 i - a potion of degeneration {unknown}
 j - a potion of ambrosia {unknown}
 m - 4 potions of heal wounds {unknown}
 o - a potion of haste {unknown}
 r - 4 potions of curing {unknown}
 z - a potion of lignification {unknown}


   Skills:
 + Level 4.2 Fighting
 * Level 7.3 Maces & Flails
 + Level 4.3 Armour
 + Level 1.7 Dodging
 + Level 4.2 Shields


You had 6 spell levels left.
You didn't know any spells.
Your spell library contained the following spells:

 Spells                   Type           Power      Damage    Failure   Level
 Stone Arrow              Conj/Erth      0%         3d7       99%         3
 Animate Armour           Summ/Erth      0%         N/A       100%        4
 Summon Lightning Spire   Summ/Air       0%         N/A       100%        4
 Lightning Bolt           Conj/Air       0%         1d11      100%        5
 Lehudib's Crystal Spear  Conj/Erth      0%         10d2      100%        8
 Chain Lightning          Conj/Air       0%         N/A       100%        9
 Cigotuvi's Dreadful Rot  Necr/Pois/Air  Unusable   N/A       N/A         2

Dungeon Overview and Level Annotations

Branches:
Dungeon (5/15)              Sewer (visited)
 Temple: D:4-7

Altars:
Cheibriados
Dithmenos
Gozag
Yredelemnul

Shops:
D:1 :


Innate Abilities, Weirdness & Mutations

You are immune to sickness and miasma.
Your stone body is resilient. (AC +4)
You are immune to poison.
You resist negative energy. (rN+)
You are resistant to electric shocks. (rElec)
You are resistant to unholy torment.
You are immune to petrification.


Message History

The water moccasin is heavily wounded.
The water moccasin bites you.
* * * LOW HITPOINT WARNING * * *
The water moccasin barely misses you.
You sock the water moccasin!
The water moccasin is almost dead.
The water moccasin bites you but does no damage.
You sock the water moccasin!
You kill the water moccasin!
You closely miss the ice beast. The ice beast closely misses you.
You hit the ice beast.
The ice beast is lightly wounded.
The ice beast hits you.
* * * LOW HITPOINT WARNING * * *
The ice beast freezes you. You resist.
* * * LOW HITPOINT WARNING * * *
You hit the ice beast.
The ice beast is moderately wounded.
The ice beast barely misses you.
You hit the ice beast.
The ice beast is heavily wounded.
The ice beast hits you but does no damage.
You barely miss the ice beast.
The ice beast is heavily wounded.
You block the ice beast's attack.
You hit the ice beast.
The ice beast is heavily wounded.
The ice beast barely misses you.
You closely miss the ice beast.
The ice beast is heavily wounded.
The ice beast closely misses you.
You hit the ice beast.
The ice beast is severely wounded.
The ice beast hits you but does no damage.
You hit the ice beast but do no damage.
The ice beast is severely wounded.
The ice beast hits you.
* * * LOW HITPOINT WARNING * * *
The ice beast freezes you. You resist.
You die...

####### ....... #.#
# ...... ..# ..
#..####.# ...
#..Y@..# #..
##..##..#
#..#..###..# .
.##.....##...####...
....................
#.........##..###...
##..._...####.###
#.........##....#
..............#.#. #


You could see an ice beast.

Vanquished Creatures
  2 water moccasins
  An ogre (D:5)
  A centaur (D:5)
  A phantom (D:4)
  2 scorpions
  A hound (D:4)
  An orc priest (D:3)
  A jelly (D:4)
  Terence (D:2)
  An iguana (D:4)
  2 adders (D:2)
  An ufetubus (D:3)
  2 worms (D:2)
  3 dart slugs
  6 orcs
  6 bats
  5 endoplasms
  9 giant cockroaches
  8 goblins
  4 hobgoblins
  8 jackals
  2 kobolds
  5 quokkas
  5 ball pythons
  3 frilled lizards
  6 rats
87 creatures vanquished.

Notes
Turn   | Place    | Note
-------+----------+-------------------------------------------
     0 | D:1      | Elric the Gargoyle Fighter began the quest for the Orb.
     0 | D:1      | Reached XP level 1. HP: 14/14 MP: 1/1
   176 | D:1      | Reached XP level 2. HP: 19/19 MP: 2/2
   263 | D:1      | You fall into a shaft and drop 1 floor!
   297 | D:1      | Found Piomiu's Book Boutique.
   352 | D:1      | Reached skill level 3 in Maces & Flails
   849 | D:2      | Reached XP level 3. HP: 23/23 MP: 3/3
  1151 | D:2      | Got Neoditag's Commentary on Clouds
  1163 | D:2      | Reached skill level 4 in Maces & Flails
  1205 | D:2      | Reached XP level 4. HP: 23/28 MP: 4/4
  1372 | D:2      | Noticed Terence
  1380 | D:2      | Killed Terence
  1538 | D:3      | Found a glowing drain.
  1542 | Sewer    | Entered a sewer
  1618 | Sewer    | Noticed a water moccasin
  1632 | Sewer    | Killed a water moccasin
  1633 | Sewer    | Reached skill level 5 in Maces & Flails
  1633 | Sewer    | Reached XP level 5. HP: 18/32 MP: 5/5
  1856 | D:3      | Found an opulent altar of Gozag.
  1858 | D:3      | Found an opulent altar of Gozag.
  1862 | D:3      | Reached skill level 6 in Maces & Flails
  1863 | D:3      | Found an opulent altar of Gozag.
  1927 | D:3      | Found a basalt altar of Yredelemnul.
  1935 | D:3      | Reached XP level 6. HP: 30/37 MP: 6/6
  2160 | D:3      | Found an opulent altar of Gozag.
  2537 | D:4      | Identified the +3 scale mail "Ipearchoiqo" {rC++}
  2876 | D:4      | Reached XP level 7. HP: 41/41 MP: 7/7
  3227 | D:5      | Entered Level 5 of the Dungeon
  3237 | D:5      | Reached skill level 7 in Maces & Flails
  3237 | D:5      | Reached skill level 1 in Dodging
  3364 | D:5      | Found a snail-covered altar of Cheibriados.
  3424 | D:5      | Found a shadowy altar of Dithmenos.
  3468 | D:5      | Slain by an ice beast

Illustrated notes

Levels and vault maps discovered:
D:1:      psy_arrival_fountain, layout_basic, serial_shops,
          nicolae_diamond_shop, minmay_door_square
D:2:      layout_rooms, uniq_terence
D:3:      layout_loops_ring, lemuel_round_altar,
          nicolae_gozag_conspicuous_consumption, gup_sewer_entry_bowl
D:4:      layout_basic
D:5:      layout_loops_cross, nicolae_dithmenos_shadow_blocks,
          amcnicky_altar_gilded, grunt_ministairs_1

Skill      XL: |  1  2  3  4  5  6  7 |
---------------+----------------------+-----
Maces & Flails | 3 4 5 6 7 |  7.3
Dodging        | 1 |  1.7
Fighting       | 4 |  4.2
Armour         | 4 |  4.3
Shields        | 4 |  4.2

Action                   |  1- 3 |  4- 6 |  7- 9 || total
-------------------------+-------+-------+-------++-------
Melee: Flail             |   114 |   186 |    77 ||   377
Armor: Scale mail        |    76 |    23 |    52 ||   151
       Chain mail        |       |    57 |       ||    57
       Plate armour      |       |    29 |       ||    29
Dodge: Dodged            |    70 |    70 |    34 ||   174
Block: Buckler           |    22 |    39 |    20 ||    81

Table legend: (Time is in decaauts)
 A = Elapsed time spent in this place.
 B = Non-inter-level travel time spent in this place.
 C = Inter-level travel time spent in this place.
 D = Time resting spent in this place.
 E = Time spent auto-exploring this place.
 F = Levels seen in this place.
 G = Mean time per level.
                   A        B        C        D        E       F      G
               +--------+--------+--------+--------+--------+-----+--------+
         Total |   3558 |   3443 |    115 |      0 |   2565 |   6 |  593.0 |
       Dungeon |   3300 |   3185 |    115 |      0 |   2409 |   5 |  660.0 |
         Sewer |    258 |    258 |      0 |      0 |    155 |   1 |  258.0 |
               +--------+--------+--------+--------+--------+-----+--------+

Top non-repeatable levels by time:
     D:4: 939 daAuts
     D:1: 849 daAuts
     D:2: 645 daAuts
     D:3: 620 daAuts
   Sewer: 258 daAuts
     D:5: 245 daAuts
